 Dungeon Crawl Stone Soup version 0.25.0-9-g26727b657a (webtiles) character file.

Game seed: 15535837529660670526

1925 mopl the Tainter (level 9, -4/50 (51) HPs)
             Began as an Octopode Venom Mage on June 17, 2020.
             Was a Believer of Vehumet.
             Slain by a centaur (9 damage)
             ... on level 7 of the Dungeon.
             The game lasted 00:09:12 (7069 turns).

mopl the Tainter (Octopode Venom Mage)              Turns: 7069, Time: 00:09:13

HP:   -4/50 (51)    AC:  1    Str:  7    XL:     9   Next: 17%
MP:   25/27         EV: 13    Int: 21    God:    Vehumet [**....]
Gold: 236           SH:  0    Dex: 12    Spells: 7/20 levels left

rFire    . . .     SeeInvis .   n - +0 quarterstaff
rCold    . . .     Gourm    .   (shield currently unavailable)
rNeg     . . .     Faith    .   (helmet restricted)
rPois    .         Spirit   .   (no amulet)
rElec    .         Reflect  .   D - ring of flight
rCorr    .         Harm     .   G - ring of magical power
MR       .....                  (no ring)
Stlth    +++.......             (no ring)
HPRegen  0.16/turn              (no ring)
MPRegen  0.20/turn              (no ring)
                                (no ring)
                                (no ring)

@: very slightly contaminated
A: almost no armour, stealthy swim, amphibious, 8 rings, constrict 8, camouflage
1, gelatinous body 1
a: Renounce Religion, Evoke Flight


You were on level 7 of the Dungeon.
You worshipped Vehumet.
Vehumet was pleased with you.
You were not hungry.

You visited 1 branch of the dungeon, and saw 7 of its levels.

You collected 380 gold pieces.
You spent 144 gold pieces at shops.

Inventory:

Hand Weapons
 g - a +0 short sword
 n - a +0 quarterstaff (weapon)
Missiles
 C - 13 poisoned darts (quivered)
 H - 5 boomerangs
Armour
 d - a +0 kite shield
Jewellery
 z - an uncursed ring of fire
 D - a ring of flight (left tentacle)
 G - a ring of magical power (right tentacle)
Wands
 w - a wand of polymorph (13)
 E - a wand of disintegration (11)
Scrolls
 e - a scroll of random uselessness {unknown}
 h - a scroll of fog {unknown}
 i - 4 scrolls of remove curse
 k - 6 scrolls of teleportation
 l - 3 scrolls of enchant armour {unknown}
 o - 2 scrolls of enchant weapon {unknown}
 p - a scroll of immolation {unknown}
 q - a scroll of fear {unknown}
 s - a scroll of magic mapping {unknown}
 t - 2 scrolls of noise {unknown}
 u - 2 scrolls of amnesia {unknown}
 y - a scroll of blinking {unknown}
Potions
 a - 4 potions of stabbing {unknown}
 b - 4 potions of might
 f - 2 potions of invisibility
 j - a potion of brilliance
 m - a potion of haste
 r - 3 potions of magic {unknown}
 v - 5 potions of curing
 x - 3 potions of lignification {unknown}
 A - a potion of heal wounds
 F - a potion of degeneration {unknown}
Comestibles
 c - 15 rations


   Skills:
 - Level 2.0 Dodging
 - Level 2.6 Stealth
 * Level 6.2 Spellcasting
 - Level 3.0 Conjurations
 + Level 4.3 Transmutations
 - Level 3.0 Fire Magic
 - Level 3.0 Air Magic
 * Level 8.6 Poison Magic


You had 7 spell levels left.
You knew the following spells:

 Your Spells              Type           Power        Failure   Level  Hunger
a - Sting                 Tmut/Pois      ####         1%          1    None
b - Poisonous Vapours     Pois/Air       ####..       1%          2    None
d - Mephitic Cloud        Conj/Pois/Air  ####....     3%          3    #......
g - Ignite Poison         Fire/Tmut/Pois ####....     3%          3    #......
o - Olgreb's Toxic Radia  Pois           #####...     2%          4    ###....

Your spell library contained the following spells:

 Spells                   Type           Power        Failure   Level  Hunger
 Sandblast                Erth           #.....       10%         1    None


Dungeon Overview and Level Annotations

Branches:
Dungeon (7/15)             Temple (0/1) D:5

Altars:
Ashenzari
Cheibriados
Nemelex Xobeh
Qazlal
Sif Muna
Uskayaw
Vehumet
Zin
The Shining One

Shops:
D:6 *   D:7 [


Innate Abilities, Weirdness & Mutations

You cannot wear most types of armour.
You are very stealthy in the water. (Stealth+)
You are amphibious.
You can wear up to eight rings at the same time.
You can use your tentacles to constrict eight enemies at once.
Your skin changes colour to match your surroundings (Stealth+).
Your rubbery body absorbs attacks. (AC +1, EV +1)


Message History

Unknown command.
Unknown command.
Casting: Poisonous Vapours (safe; 1% risk of failure)
Confirm with . or Enter, or press ? or * to list all spells.
Aiming: Poisonous Vapours (safe; 1% risk of failure)
Press: ? - help, Dir - move target cursor, f/p - centaur
Aim: a centaur, quivering 20 arrows (severely wounded, poisoned)
You miscast Poisonous Vapours.
You are very lightly contaminated with residual magic.
Nothing appears to happen.
The centaur barely misses you. The centaur hits you.
You hit the centaur.
The centaur is almost dead.
The centaur hits you. x2
* * * LOW HITPOINT WARNING * * *
You closely miss the centaur.
The centaur is almost dead.
The centaur looks more healthy.
The centaur hits you.
* * * LOW HITPOINT WARNING * * *
The centaur hits you!
You die...

#.#.#.###.####..._..
#.รท)..# #.# #..#.#.
###..## #.# ###.... ##.#
#.# #.### #.# ##.##
##.##. #
#.###...####..... #.
#.........##..##. ##.#
###..##...#........
#...##c@.........##..##.
#....#..#########..##.
#...#.....## #..##. ###
#.##...... #..##.
#.##..#### ##..#..
#.#...## #. #......
#.#._..###.###...#..
#.#..............##.
#.....####......>...


You could see a centaur.

Vanquished Creatures
  A komodo dragon (D:7)
  Sigmund (D:6)
  An orc warrior (D:7)
  A necrophage (D:6)
  2 ogres
  2 bullfrogs (D:7)
  A gnoll sergeant (D:6)
  4 scorpions
  2 howler monkeys
  2 bullfrog zombies
  3 hounds
  2 orc priests (D:5)
  A jelly (D:7)
  2 centaur skeletons
  An iguana (D:6)
  An orc wizard (D:5)
  4 worker ants
  A worker ant zombie (D:5)
  2 howler monkey skeletons (D:5)
  5 gnolls (D:6)
  4 adders
  3 shadow imps
  2 oozes
  2 adder skeletons
  An adder zombie (D:6)
  4 worms
  3 dart slugs
  3 leopard geckos
  10 orcs
  8 giant cockroaches
  4 goblins
  3 hobgoblins
  6 jackals (D:2)
  3 kobolds (D:1)
  4 quokkas
  9 bats
  3 frilled lizards
  A jackal zombie (D:5)
  A leopard gecko zombie (D:6)
  A quokka zombie (D:5)
  10 rats
124 creatures vanquished.

Notes
Turn   | Place    | Note
-------+----------+-------------------------------------------
     0 | D:1      | mopl the Octopode Venom Mage began the quest for the Orb.
     0 | D:1      | Reached XP level 1. HP: 11/11 MP: 3/3
   317 | D:1      | Reached XP level 2. HP: 14/17 MP: 5/5
   323 | D:1      | Learned a level 2 spell: Poisonous Vapours
   410 | D:1      | Reached skill level 4 in Poison Magic
   716 | D:1      | Reached XP level 3. HP: 18/21 MP: 6/6
   954 | D:1      | Learned a level 3 spell: Ignite Poison
  1628 | D:2      | Found a radiant altar of Vehumet.
  1703 | D:2      | Became a worshipper of Vehumet
  1886 | D:2      | Reached XP level 4. HP: 25/27 MP: 8/8
  2162 | D:3      | Noticed a +0 dagger
  2162 | D:3      | Noticed a +0 hand axe
  2163 | D:3      | Found a hide-covered altar of Uskayaw.
  2912 | D:4      | Reached skill level 1 in Fire Magic
  2912 | D:4      | Reached skill level 1 in Air Magic
  2912 | D:4      | Reached XP level 5. HP: 21/31 MP: 9/9
  2917 | D:4      | Learned a level 3 spell: Mephitic Cloud
  2933 | D:4      | Reached skill level 5 in Poison Magic
  3253 | D:4      | Reached XP level 6. HP: 21/36 MP: 11/11
  3322 | D:4      | Reached skill level 1 in Conjurations
  4008 | D:4      | Found a glowing golden altar of the Shining One.
  4008 | D:4      | Found a glowing silver altar of Zin.
  4077 | D:4      | Reached XP level 7. HP: 41/41 MP: 6/12
  4083 | D:4      | Learned a level 4 spell: Olgreb's Toxic Radiance
  4137 | D:5      | Entered Level 5 of the Dungeon
  4150 | D:5      | Found a staircase to the Ecumenical Temple.
  4410 | D:5      | Reached skill level 6 in Poison Magic
  4415 | D:5      | Reached * piety under Vehumet
  4415 | D:5      | Offered knowledge of Shock by Vehumet.
  4744 | D:5      | Found a stormy altar of Qazlal.
  5330 | D:6      | Reached XP level 8. HP: 37/46 MP: 6/14
  5429 | D:6      | Found a sparkling altar of Nemelex Xobeh.
  5603 | D:6      | Reached skill level 7 in Poison Magic
  5793 | D:6      | Found Kibbetoe's General Store.
  5796 | D:6      | Bought a potion of might for 48 gold pieces
  5796 | D:6      | Bought a scroll of teleportation for 36 gold pieces
  5796 | D:6      | Bought a potion of curing for 36 gold pieces
  5796 | D:6      | Bought a scroll of identify for 24 gold pieces
  5823 | D:6      | Noticed Sigmund
  5832 | D:6      | Killed Sigmund
  5832 | D:6      | Reached skill level 5 in Spellcasting
  5868 | D:6      | Offered knowledge of Sandblast by Vehumet.
  6187 | D:7      | Found a snail-covered altar of Cheibriados.
  6233 | D:7      | Found a shattered altar of Ashenzari.
  6517 | D:7      | Found a shimmering blue altar of Sif Muna.
  6536 | D:7      | Found Kixt's Antique Armour Emporium.
  6541 | D:7      | Noticed a komodo dragon
  6550 | D:7      | Killed a komodo dragon
  6550 | D:7      | Reached ** piety under Vehumet
  6550 | D:7      | Reached skill level 8 in Poison Magic
  6550 | D:7      | Reached XP level 9. HP: 34/50 MP: 9/17
  7069 | D:7      | Slain by a centaur

Illustrated notes

Levels and vault maps discovered:
D:1:      kennysheep_arrival_seaside, layout_loops_ring
D:2:      layout_basic, lemuel_round_altar, serial_glass, glass_columns_b,
          glass_columns_b
D:3:      layout_loops_ring, dancing_weapons_uskayaw
D:4:      layout_loops_ring, gammafunk_temple_overflow_elements, first_ration
D:5:      layout_rooms, lemuel_doored_altar, temple_pool_b
D:6:      layout_basic, nemelex_xobeh_ov_fountains_minmay, serial_shops,
          kennysheep_mini_moat, uniq_sigmund
D:7:      layout_loops_ring, cheibriados_altar_1, lemuel_crystal_altar,
          serial_shops, shop, basic_altar

Skill      XL: |  1  2  3  4  5  6  7  8  9 |
---------------+----------------------------+-----
Poison Magic   | 4 5 6 8 |  8.6
Spellcasting   | 3 4 5 6 |  6.2
Fire Magic     | 1 2 3 |  3.0
Air Magic      | 1 2 3 |  3.0
Transmutations | 2 3 4 |  4.3
Conjurations   | 1 2 3 |  3.0
Dodging        | |  2.0
Stealth        | |  2.6

Action                   |  1- 3 |  4- 6 |  7- 9 || total
-------------------------+-------+-------+-------++-------
Melee: Unarmed           |    32 |       |       ||    32
       Tentacles         |    15 |     7 |    27 ||    49
       Constrict         |    22 |    17 |    31 ||    70
       Short sword       |    32 |       |       ||    32
       Quarterstaff      |    32 |    77 |   125 ||   234
 Cast: Poisonous Vapours |     5 |    17 |    18 ||    40
       Sting             |       |     1 |     1 ||     2
       Olgreb's Toxic Ra |       |       |     4 ||     4
       Mephitic Cloud    |       |       |     3 ||     3
       Ignite Poison     |       |       |     3 ||     3
  Use: Scroll            |     2 |     2 |     3 ||     7
       Potion            |       |     1 |       ||     1
 Stab: Sleeping          |     9 |     6 |     6 ||    21
  Eat: Chunk             |     3 |     4 |    11 ||    18
       Ration            |       |     1 |       ||     1
Armor: Skin              |     6 |     9 |     4 ||    19
Dodge: Dodged            |    69 |    58 |    92 ||   219
